Map: Catalyst LE

Players

GetGirthed - Winner!

  • Race: Zerg Zerg
  • League: Gold
  • Spawn Location: 11:00

WarTitan

  • Race: Terran Terran
  • League: Silver
  • Spawn Location: 5:00

VOD

Have the link to the VOD?

Description

Time

  • Played on: July 3, 2018, 11:45 p.m.
  • Length: 21:02
Show
View Real Time Build Order
Export as new Build Order

GetGirthed Zerg - Winner!

Build Orders: Hatch First 

Get SALT Encoding   

  12  0:02  Drone  
  13  0:13  Overlord  
  13  0:17  Drone  
  14  0:32  Drone x2  
  16  0:56  Hatchery  
  15  0:59  Drone x2  
  15  1:00  Drone  
  15  1:03  Extractor  
  17  1:19  Spawning Pool  
  17  1:20  Drone  
  17  1:24  Drone  
  18  1:35  Drone  
  19  1:42  Overlord  
  19  1:53  Drone  
  20  2:07  Queen  
  22  2:09  Queen  
  22  2:12  Zergling x4  
  26  2:16  Metabolic Boost  
  26  2:23  Drone x2  
  26  2:27  Overlord  
  26  2:29  Drone  
  29  2:40  Drone x2  
  31  2:55  Drone  
  32  2:58  Hatchery  
  32  3:05  Drone x3  
  34  3:12  Drone  
  35  3:19  Queen x2  
  37  3:26  Drone  
  40  3:27  Drone  
  40  3:28  Drone  
  40  3:29  Overlord  
  42  3:36  Overlord  
  42  3:37  Drone x2  
  44  4:01  Drone x6, Extractor  
  49  4:09  Baneling Nest  
  48  4:16  Zergling x14  
  54  4:30  Drone x3  
  57  4:34  Queen  
  57  4:35  Queen  
  61  4:39  Lair  
  61  4:48  Overlord x2  
  61  5:08  Extractor  
  60  5:21  Evolution Chamber  
  60  5:24  Evolution Chamber  
  60  5:26  Zergling x24  
  70  5:37  Drone  
  70  5:41  Centrifical Hooks  
  71  5:49  Hydralisk Den  
  70  6:05  Drone x4  
  70  6:06  Overlord x3  
  70  6:07  Overlord x2  
  74  6:26  Hatchery, Baneling x4  
  73  6:40  Baneling x3  
  73  6:41  Baneling  
  73  6:56  Zerg Ground Armor Level 1, Zerg Melee Weapons Level 1  
  73  6:57  Hydralisk  
  75  7:07  Drone x14  
  86  7:33  Queen  
  84  7:46  Zergling x8  
  84  7:47  Hydralisk x6  
  100  7:55  Extractor  
  97  8:08  Hydralisk x5  
  102  8:26  Queen  
  94  8:38  Drone x5  
  94  8:39  Drone x8  
  97  8:46  Zergling x2  
  81  8:58  Drone x3  
  84  9:08  Queen  
  86  9:13  Extractor  
  85  9:23  Muscular Augments  
  85  9:24  Infestation Pit  
  85  9:25  Zerg Ground Armor Level 2, Zerg Melee Weapons Level 2  
  85  9:27  Zergling x18  
  93  9:49  Spine Crawler  
  92  9:57  Hatchery  
  92  9:58  Zergling x10  
  92  9:59  Zergling x6  
  99  10:04  Drone x4  
  103  10:08  Baneling x8  
  103  10:19  Hydralisk x4  
  111  10:35  Drone x2  
  113  10:49  Extractor  
  107  11:32  Baneling x8  
  99  11:50  Drone  
  97  12:14  Hatchery  
  96  12:17  Hatchery, Hydralisk x9  
  96  12:19  Overlord x3  
  96  12:20  Overlord x3  
  113  12:24  Zerg Missile Weapons Level 1  
  113  12:28  Hive  
  113  12:31  Overlord x7  
  113  12:53  Hatchery  
  112  12:58  Zergling x6  
  112  12:59  Zergling x16  
  121  13:38  Queen  
  121  13:40  Queen  
  125  13:58  Extractor  
  124  14:05  Extractor  
  124  14:06  Pneumatized Carapace  
  78  14:46  Hydralisk x6  
  78  14:47  Hydralisk x17  
  78  14:48  Zergling x10  
  78  14:49  Zergling x10  
  118  15:42  Zergling x48  
  142  15:47  Zerg Melee Weapons Level 3  
  142  15:48  Zerg Ground Armor Level 3  
  142  15:50  Hatchery, Ultralisk Cavern  
  142  15:51  Adrenal Glands  
  140  16:19  Hydralisk x15  
  170  16:33  Drone  
  170  16:34  Drone x6  
  177  16:48  Baneling x19  
  177  16:49  Baneling x2  
  158  17:13  Zergling x10  
  158  17:14  Zergling x16  
  158  17:15  Ultralisk x4  
  195  17:18  Zergling x6  
  198  17:47  Zergling x2  
  199  18:24  Zerg Missile Weapons Level 2  
  174  19:32  Zergling x16  
  174  19:33  Zergling x34  
Show
View Real Time Build Order
Export as new Build Order

WarTitan Terran 

Build Orders: MMM Bio 

Get SALT Encoding   

  12  0:03  SCV  
  13  0:15  SCV  
  14  0:23  Supply Depot  
  14  0:27  SCV  
  15  0:36  Refinery  
  15  0:45  SCV  
  16  0:53  Barracks  
  16  1:00  SCV  
  17  1:12  SCV  
  17  1:13  Barracks  
  18  1:24  SCV  
  19  1:36  SCV  
  20  1:50  Orbital Command  
  20  1:52  Barracks Reactor  
  20  1:56  Supply Depot  
  20  2:08  Barracks Tech Lab  
  20  2:16  SCV  
  21  2:25  Refinery  
  21  2:28  SCV  
  22  2:35  Command Center  
  22  2:40  SCV  
  22  2:52  SCV  
  23  3:00  Stimpack  
  23  3:03  Factory, Marine, Marauder  
  23  3:04  Marine  
  27  3:21  Marine  
  27  3:22  Marine  
  29  3:36  SCV  
  30  3:47  Marine x2  
  32  3:51  Supply Depot, Factory Reactor  
  32  3:54  Starport  
  31  4:16  Marine x2, Marauder  
  35  4:24  SCV  
  36  4:27  SCV  
  37  4:36  SCV  
  38  4:39  SCV  
  39  4:48  SCV  
  39  4:51  SCV  
  39  4:52  Supply Depot  
  41  5:02  Engineering Bay  
  41  5:04  Marine x2, Marauder  
  46  5:07  SCV x2  
  46  5:12  Medivac  
  46  5:13  Medivac  
  51  5:19  SCV x2  
  53  5:25  Bunker  
  53  5:26  Cyclone  
  56  5:32  Terran Infantry Weapons Level 1  
  56  5:33  Combat Shields  
  56  5:44  Barracks, Marine x2  
  56  5:46  Marauder  
  60  6:03  Supply Depot  
  60  6:13  Refinery  
  60  6:17  SCV  
  60  6:18  SCV  
  62  6:21  Refinery  
  62  6:24  Marine x3  
  62  6:25  Widow Mine  
  67  6:29  SCV  
  67  6:30  SCV  
  69  6:33  Command Center  
  69  6:42  Marine  
  70  7:13  Marine  
  70  7:35  Marine  
  70  7:37  Marine  
  70  7:40  Medivac x2, Widow Mine  
  68  7:54  Marine x2  
  70  8:02  Marine  
  70  8:12  Marine  
  70  8:18  Marine  
  59  8:49  SCV  
  57  9:01  SCV  
  47  9:03  Marine  
  47  9:04  Marine x2  
  50  9:19  Supply Depot  
  50  9:21  Marine x2  
  50  9:22  Marine  
  53  9:26  Supply Depot x2  
  53  9:27  Concussive Shells, Supply Depot  
  53  9:30  Terran Infantry Armor Level 1  
  53  9:34  Armory  
  53  9:40  Engineering Bay  
  53  9:42  Supply Depot  
  53  9:51  Barracks Reactor  
  53  9:53  Medivac x2  
  53  9:54  Factory Tech Lab  
  53  9:57  Command Center, Marauder  
  53  9:58  Marine x2  
  53  9:59  Command Center  
  61  10:13  Barracks  
  61  10:27  Barracks  
  60  10:56  Marine x4  
  63  10:57  Marine  
  63  10:58  Siege Tank  
  63  11:01  Barracks  
  54  11:14  Marine x2  
  55  11:30  Siege Tank  
  55  11:32  Marine x4  
  60  11:33  Marine  
  62  11:41  Barracks Reactor  
  62  11:46  Barracks Tech Lab  
  53  11:57  Marine x5  
  58  12:04  Barracks Reactor  
  58  12:07  Terran Infantry Armor Level 2  
  58  12:09  Terran Infantry Weapons Level 2  
  58  12:12  Terran Vehicle Weapons Level 1  
  58  12:14  Marine  
  58  12:15  Marine  
  60  12:22  Supply Depot  
  60  12:35  SCV x2  
  62  12:39  Planetary Fortress  
  62  12:47  SCV  
  62  12:50  Marine x3  
  62  12:51  Marine x7  
  68  12:52  Siege Tank  
  68  12:53  Medivac  
  68  12:54  Medivac  
  78  13:08  Marine  
  78  13:12  Marine x3  
  80  13:13  Marine x4  
  80  13:19  Marauder  
  89  13:23  Medivac x2  
  89  13:25  Marauder, Siege Tank  
  89  13:26  Marine  
  98  13:30  Marine x4  
  102  13:42  Marine x3  
  105  13:49  SCV  
  105  13:52  SCV  
  105  13:53  SCV  
  108  13:58  Marine  
  108  13:59  Marine x5  
  108  14:01  SCV  
  115  14:05  SCV x2  
  117  14:13  SCV  
  118  14:25  SCV  
  87  14:45  Marine x4  
  73  14:46  Marine x2  
  68  15:03  Marine x3  
  68  15:04  Marine x5  
  68  15:05  Marine x2  
  68  15:06  Siege Tank  
  68  15:07  Medivac x2  
  83  15:09  SCV  
  83  15:10  SCV  
  87  15:21  Marine x3  
  87  15:22  Marine  
  85  15:35  Marine x2  
  85  15:36  Medivac, Marine x4  
  85  15:37  Medivac  
  85  15:38  Marine, Siege Tank  
  85  15:39  Marine  
  100  15:48  Supply Depot  
  100  15:51  Marine x2  
  100  15:53  Supply Depot  
  102  15:57  Supply Depot  
  102  15:59  Supply Depot  
  102  16:01  Supply Depot  
  102  16:03  Terran Infantry Weapons Level 3  
  102  16:06  Medivac, Terran Vehicle And Ship Armor Level 1  
  102  16:10  Siege Tank  
  107  16:13  Terran Infantry Armor Level 3  
  65  17:19  Marine x8  
  65  17:20  Marine x2  
  75  17:23  Siege Tank  
  75  17:24  Medivac x2  
  82  17:36  Marine  
  82  17:37  Marine x8  
  83  17:38  Marine  
  83  17:41  Barracks x2  
  83  17:43  Barracks  
  92  17:54  Medivac x2, Marine x3  
  92  17:55  SCV, Marine x2, Siege Tank  
  105  18:07  SCV  
  106  18:24  Medivac  
  108  18:36  Marine x7  
  108  18:37  Marine x3  
  107  18:53  Marine  
  107  18:54  Marine x7  
  51  19:36  Marine x4  
  51  19:37  Marine x3  
  19  20:07  Marine  
  19  20:08  Marine x7  
  19  20:09  Marine x2  
  20  20:25  Marine  
  20  20:26  Marine x4  
  22  20:40  Marine x2  
  24  20:43  Marine x2  
  24  20:44  Marine  
Tags
 
Composition
MMM Bio
Matchup
TvZ
Spawn Locations
Cross Positions
Add a new tag
Caveats
  • Supply blocks, unpowered buildings, or Contaminate may cause inaccurate times.
  • Supply counts are checked every 10 seconds.